 Seeded DCSS version 0.29-a0-459-g97dee8cd24 (webtiles) character file.

Game seed: 18057835992172969234 (custom seed)

396 zeratav the Chiller (level 6, 0/36 HPs)
             Began as an Octopode Ice Elementalist on May 20, 2022.
             Was an Initiate of Gozag.
             Slain by Dowan
             ... wielding a +3 dagger of electrocution
              (2 damage)
             ... on level 4 of the Dungeon on May 21, 2022.
             The game lasted 00:09:18 (3618 turns).

zeratav the Chiller (Octopode Ice Elementalist)     Turns: 3618, Time: 00:09:19

Health: 0/36       AC:  9    Str:  7    XL:     6   Next: 83%
Magic:  14/21      EV: 13    Int: 20    God:    Gozag
Gold:   889        SH:  0    Dex: 12    Spells: 6/13 levels left

rFire   . . .      SeeInvis .   o - +1 short sword (holy) {short}
rCold   . . .      Faith    .   (no shield)
rNeg    . . .      Spirit   .   (helmet restricted)
rPois   .          Reflect  .   (no amulet)
rElec   .          Harm     .   h - +4 ring of slaying
rCorr   .          Rampage  .   w - ring of magical power
Will    .....                   q - ring of fire
Stlth   +++.......              s - ring of ice
HPRegen 0.12/turn               (no ring)
MPRegen 0.17/turn               (no ring)
                                (no ring)
                                (no ring)

@: ice-armoured, freezing walls
A: almost no armour, amphibious, 8 rings, camouflage 1, gelatinous body 1,
(nimble swimmer 1), tentacles
a: Renounce Religion, Potion Petition, Call Merchant, Bribe Branch


You were on level 4 of the Dungeon.
You worshipped Gozag.
Gozag was pleased with you.
You visited 1 branch of the dungeon, and saw 4 of its levels.
You also visited: Sewer.

You collected 1710 gold pieces.
You spent 143 gold pieces at shops.
You paid 678 gold pieces to Gozag.


Innate Abilities, Weirdness & Mutations

You cannot wear most types of armour.
You are amphibious.
You can wear up to eight rings at the same time.
Your skin changes colour to match your surroundings (Stealth+).
Your rubbery body absorbs attacks. (AC +1, EV +1)
((You are camouflaged when in or above water. (Stealth+)))
You have tentacles for arms and can constrict up to eight enemies at once.


   Skills:
 - Level 2.0 Dodging
 - Level 2.6 Stealth
 + Level 4.0 Spellcasting
 * Level 6.9 Ice Magic


You had 6 spell levels left.
You knew the following spells:

 Your Spells              Type           Power      Damage    Failure   Level
a - Freeze                Ice            100%       1d11      1%          1
b - Frozen Ramparts       Ice            94%        1d11      2%          3
c - Ozocubu's Armour      Ice            47%        N/A       2%          3

Your spell library contained the following spells:

 Spells                   Type           Power      Damage    Failure   Level
 Hailstorm                Conj/Ice       26%        3d7       30%         4
 Metabolic Englaciation   Hex/Ice        13%        N/A       65%         5
 Simulacrum               Ice/Necr       Unusable   N/A       N/A         6

Inventory:

Hand Weapons
 o - a +1 short sword of holy wrath (weapon) {short}
   (You took it off a kobold on level 2 of the Dungeon)
Jewellery
 h - a +4 ring of slaying (left tentacle)
   (You found it on level 1 of the Dungeon)
 q - a ring of fire (on tentacle)
   (You found it on level 3 of the Dungeon)
 s - a ring of ice (on tentacle)
   (You found it on level 2 of the Dungeon)
 w - a ring of magical power (right tentacle)
   (You found it on level 3 of the Dungeon)
Scrolls
 d - 2 scrolls of enchant weapon
 f - a scroll of identify {@r1}
 i - a scroll of enchant armour
 j - 2 scrolls of amnesia {unknown}
 k - a scroll of brand weapon
 l - a scroll of torment {!r}
 m - 2 scrolls of blinking {!r}
 n - 2 scrolls of teleportation {unknown}
 p - 2 scrolls of magic mapping {unknown}
 t - a scroll of fear {unknown}
 x - a scroll of poison {unknown}
Potions
 a - 2 potions of magic
 b - a potion of lignification {unknown}
 c - 2 potions of curing {@q1}
 e - a potion of attraction {unknown}
 g - 3 potions of heal wounds {@q2}
 r - a potion of brilliance {unknown}
 u - a potion of berserk rage {!q}
 v - a potion of ambrosia {unknown}

Dungeon Overview and Level Annotations

Branches:
Dungeon (4/15)              Sewer (visited)
 Temple: D:4-7

Altars:
Dithmenos
Fedhas
Gozag
Kikubaaqudgha
Qazlal
Sif Muna
Wu Jian

Shops:
D:3 [[!(*?

Annotations:
D:4 Dowan

##.###.# ##..###...# ##..#
##..###.###...# #...# #...
#..###..##...## ##..# #.##
#..###.......# ...# ##.##
#...##.......###..... #..#.
#............#...... ##..#.
#.####.#.##...........#.....
### #.####.$####.. #.....#
#....?@## #.##... #....e$# #
#..# #.#.....# #..#
#.###...... #..# . #..w.....
#..# #.....###.. ....
......# . ⌠..#. .......# ...
# ........# #.#.


You could see Dowan (fast) and a worm.


Message History

You kill the ball python!
No target in view!
No target in view!
No target in view!
No target in view!
No target in view!
No target in view!
No target in view!
No target in view!
No target in view!
No target in view!
No target in view!
No target in view!
No target in view!
No target in view!
You now have 874 gold pieces (gained 7).
You now have 889 gold pieces (gained 15).
Key pressed, stopping explore.
There is an escape hatch in the floor here.
Key pressed, stopping explore.
Found a stone staircase leading up.
HP[+4]
Your hp is fully restored (36).
Found an escape hatch in the ceiling.
There is an escape hatch in the ceiling here.
There is an escape hatch in the ceiling here.
An adder comes into view.
An adder is nearby!
An adder is nearby!
Dowan, Brother of Duvessa comes into view.
He is wielding a +3 dagger of electrocution.
Duvessa, Sister of Dowan comes into view.
She is wielding a +0 short sword.
The adder misses you.
You hit the adder but do no damage. You grab the adder. You squeeze the adder.
You constrict the adder, but do no damage.
The adder barely misses you.
You hit the adder. You squeeze the adder.
You kill the adder!
You see here 7 gold pieces.
Duvessa shouts!
Casting: Ozocubu's Armour (dangerous; 2% risk of failure)
Confirm with . or Enter, or press ? or * to list all spells.
Casting: Frozen Ramparts (dangerous; 2% risk of failure)
Press: ? - help, Dir - look around, f - activate You feel a surge of power!
The walls around you are covered in ice.
Dowan shouts!
MP[-3]
You lost 3 mp, and now have 17/20 mp.
Dowan points at you and mumbles some strange words.
The puff of flame misses you.
The wall freezes Duvessa!
A worm comes into view.
Casting: Frozen Ramparts (dangerous; 2% risk of failure)
Confirm with . or Enter, or press ? or * to list all spells.
You feel a surge of power! A film of ice covers your body!
The wall freezes Duvessa.
Duvessa hits you with a +0 short sword.
Dowan points at you and mumbles some strange words.
The puff of flame hits you. The heat melts your icy armour.
HP[-4] MP[-3]
You take 4 damage, and now have 32/36 hp.
You lost 3 mp, and now have 14/20 mp.
You hit Duvessa but do no damage. Your grab misses Duvessa.
The wall freezes Duvessa!
Duvessa hits you with a +0 short sword!
The wall freezes Duvessa.
Duvessa closely misses you.
HP[-11] MP[+1]
You take 11 damage, and now have 21/36 hp.
MASSIVE DAMAGE!! (PAUSE)
You completely miss Duvessa. You grab Duvessa. You squeeze Duvessa.
You constrict Duvessa, but do no damage.
The wall freezes Duvessa!
Duvessa hits you with a +0 short sword.
* * * LOW HITPOINT WARNING * * *
Dowan closely misses you.
HP[-3]
You take 3 damage, and now have 18/36 hp.
You hit Duvessa but do no damage.
You constrict Duvessa, but do no damage.
The wall freezes Duvessa.
Duvessa completely misses you. Dowan hits you but does no damage.
You puncture Duvessa!
You kill Duvessa!
Dowan screams, "No!
No!"
Dowan seems to find hidden reserves of power!
Dowan hits you with a +3 dagger of electrocution.
* * * LOW HITPOINT WARNING * * *
You are electrocuted!
* * * LOW HITPOINT WARNING * * *
Your Spellcasting skill increases to level 4!
HP[-16]
You take 16 damage, and now have 2/36 hp.
MASSIVE DAMAGE!! (PAUSE)
Casting: Ozocubu's Armour (dangerous; 2% risk of failure)
Confirm with . or Enter, or press ? or * to list all spells.
Aiming: Freeze (safe; 1% risk of failure)
Press: ? - help, Shift-Dir - straight line, f - Dowan
Aim: Dowan, wielding a +3 dagger of electrocution and wearing a +0 robe (fast)
You feel a surge of power!
You freeze Dowan!
Dowan hits you with a +3 dagger of electrocution.
You die...
Your body crumbles into a pile of gold.

Skill      XL: |  1  2  3  4  5  6 |
---------------+-------------------+-----
Ice Magic      | 5 6 |  6.9
Spellcasting   | 3 4 |  4.0
Dodging        | |  2.0
Stealth        | |  2.6

Action                   |  1- 3 |  4- 6 || total
-------------------------+-------+-------++-------
Melee: Dagger            |    23 |       ||    23
       Tentacles         |    14 |    10 ||    24
       Unarmed           |     4 |       ||     4
       Constrict         |    15 |    11 ||    26
       Short sword       |    21 |    51 ||    72
       Punch             |     1 |       ||     1
 Cast: Freeze            |     5 |    14 ||    19
       Frozen Ramparts   |     1 |     7 ||     8
       Ozocubu's Armour  |       |     6 ||     6
Invok: Call Merchant     |       |     1 ||     1
  Use: Scroll            |       |    10 ||    10
       Potion            |       |     1 ||     1
 Stab: Sleeping          |     6 |     3 ||     9
Armor: Skin              |    12 |     9 ||    21
Dodge: Dodged            |    26 |    51 ||    77

Levels and vault maps discovered:
D:1:      amcnicky_arrival_gap_in_the_tavern_cellar, layout_rooms,
          minmay_heptomino_d4
D:2:      layout_loops_cross, basic_altar, shapermc_ecumenical_altar_acropolis
D:3:      minmay_octagon_keep, layout_rooms, minitemple, serial_shops, shop,
          nicolae_shop_stone, nicolae_shop_stone,
          nicolae_shop_overgrown_old_shop,
          nicolae_shop_competitors_out_of_business, portal_sewer_entry_d,
          chequers_big_river
D:4:      layout_layer_cave, minmay_temple_entry_waves, uniq_duvessa

Notes
Turn   | Place    | Note
-------+----------+-------------------------------------------
     0 | D:1      | zeratav the Octopode Ice Elementalist began the quest for
                  | the Orb.
     0 | D:1      | Reached XP level 1. HP: 11/11 MP: 3/3
     0 | D:1      | magus.rc [v1.9.6]
     2 | D:1      | You pick up a book of Winter and begin reading...
     2 | D:1      | You add the spells Metabolic Englaciation and Simulacrum to
                  | your library.
   213 | D:1      | You fall into a shaft and drop 1 floor!
   223 | D:1      | Reached XP level 2. HP: 17/17 MP: 5/5
   665 | D:2      | Reached XP level 3. HP: 21/21 MP: 6/6
  1025 | D:2      | Found an opulent altar of Gozag.
  1063 | D:2      | Became a worshipper of Gozag Ym Sagoz the Greedy
  1477 | D:2      | Found a faded altar of an unknown god.
  1486 | D:3      | Found Uqin Bai's Distillery.
  1490 | D:3      | Found Nabit's Antique Armour Emporium.
  1624 | D:3      | Found a glowing drain.
  1629 | D:3      | Reached skill level 5 in Ice Magic
  1641 | D:3      | Learned a level 3 spell: Frozen Ramparts
  1645 | D:3      | Learned a level 3 spell: Ozocubu's Armour
  1646 | Sewer    | Entered a sewer
  1715 | Sewer    | Reached XP level 4. HP: 27/27 MP: 8/8
  1718 | Sewer    | Noticed Pargi
  1785 | Sewer    | Killed Pargi
  1786 | Sewer    | Reached skill level 3 in Spellcasting
  1786 | Sewer    | Reached XP level 5. HP: 22/31 MP: 3/9
  1939 | D:3      | Bought a potion of degeneration for 13 gold pieces
  1963 | D:3      | Found Lovesm's Antique Armour Boutique.
  2005 | D:3      | Found Virphilu's Antique Weapon Emporium.
  2216 | D:3      | Found Topem's Magic Scroll Shoppe.
  2228 | D:3      | Bought a scroll of identify for 26 gold pieces
  2228 | D:3      | Bought a scroll of identify for 26 gold pieces
  2228 | D:3      | Bought a scroll of identify for 26 gold pieces
  2228 | D:3      | Bought a scroll of identify for 26 gold pieces
  2228 | D:3      | Bought a scroll of identify for 26 gold pieces
  2445 | D:3      | Found an ancient bone altar of Kikubaaqudgha.
  2447 | D:3      | Found a stormy altar of Qazlal.
  2452 | D:3      | Found a shimmering blue altar of Sif Muna.
  2453 | D:3      | Found a shadowy altar of Dithmenos.
  2459 | D:3      | Identified a scroll of acquirement
  2465 | D:3      | Acquired 1207 gold pieces
  2469 | D:3      | Found a blossoming altar of Fedhas.
  2471 | D:3      | Found an ornate altar of the Wu Jian Council.
  2622 | D:3      | Reached skill level 6 in Ice Magic
  2844 | D:3      | HP: 4/31 [quokka (4)]
  3113 | D:4      | Reached XP level 6. HP: 18/36 MP: 11/11
  3601 | D:4      | Noticed Dowan
  3603 | D:4      | Noticed Duvessa
  3617 | D:4      | Killed Duvessa
  3617 | D:4      | HP: 2/36 [Dowan/+3 dagger of electrocution (14)]
  3618 | D:4      | Reached skill level 4 in Spellcasting
  3618 | D:4      | Slain by Dowan

Vanquished Creatures
  Duvessa (D:4)
  Pargi (Sewer)
  A scorpion (D:4)
  6 adders
  3 worms (D:3)
  3 dart slugs
  6 endoplasms
  3 giant cockroaches
  4 goblins
  4 hobgoblins
  6 jackals (D:3)
  4 quokkas
  4 ball pythons
  12 bats
  5 frilled lizards
  5 kobolds
  5 rats
73 creatures vanquished.

Vanquished Creatures (others)
  6 plants (D:3)
6 creatures vanquished.

Grand Total: 79 creatures vanquished

Table legend:
 A = Non-vault XP
 B = Vault XP
 C = Vault XP percentage of total XP
 D = Non-vault monster count
 E = Vault monster count
 F = Vault count percentage of total count
                 A         B        C        D         E       F
            +---------+---------+-------+---------+---------+-------
      Total |     207 |     360 |  63.5 |      47 |      26 |  35.6
            +---------+---------+-------+---------+---------+-------
        D:1 |      22 |       6 |  21.4 |      14 |       3 |  17.6
        D:2 |      32 |       0 |   0.0 |      12 |       0 |   0.0
        D:3 |      52 |      65 |  55.6 |      17 |      16 |  48.5
        D:4 |     101 |     154 |  60.4 |       4 |       1 |  20.0
      Sewer |       0 |     135 | 100.0 |       0 |       6 | 100.0
            +---------+---------+-------+---------+---------+-------

Illustrated notes

Table legend:
 A = Kills in this place as a percentage of kills in entire the game.
 B = Kills by you in this place as a percentage of kills by you in the entire game.
 C = Kills by friends in this place as a percentage of kills by friends in the entire game.
 D = Other kills in this place as a percentage of other kills in the entire game.
 E = Experience gained in this place as a percentage of experience gained in the entire game.
 F = Experience gained in this place divided by the number of levels of this place that you have seen.
                   A       B       C       D       E      F
               +-------+-------+-------+-------+-------+----------------------
         Total | 100.0 | 100.0 |   N/A |   N/A | 100.0 | 113.4
       Dungeon |  91.8 |  91.8 |   N/A |   N/A |  76.2 | 108.0
         Sewer |   8.2 |   8.2 |   N/A |   N/A |  23.8 | 135.0
               +-------+-------+-------+-------+-------+----------------------

Table legend: (Time is in decaauts)
 A = Elapsed time spent in this place.
 B = Non-inter-level travel time spent in this place.
 C = Inter-level travel time spent in this place.
 D = Time resting spent in this place.
 E = Time spent auto-exploring this place.
 F = Levels seen in this place.
 G = Mean time per level.
                   A        B        C        D        E       F      G
               +--------+--------+--------+--------+--------+-----+--------+
         Total |   3619 |   3526 |     93 |    351 |   2608 |   5 |  723.8 |
       Dungeon |   3353 |   3260 |     93 |    302 |   2447 |   4 |  838.2 |
         Sewer |    266 |    266 |      0 |     49 |    161 |   1 |  266.0 |
               +--------+--------+--------+--------+--------+-----+--------+

Top non-repeatable levels by time:
     D:3: 1340 daAuts
     D:2: 842 daAuts
     D:1: 642 daAuts
     D:4: 528 daAuts
   Sewer: 266 daAuts
